 Dungeon Crawl Stone Soup version 0.21.1-1-g345015f (webtiles) character file.

119 inc the Conjurer (level 5, -1/34 HPs)
             Began as an Octopode Wizard on Apr 27, 2018.
             Slain by an iguana (11 damage)
             ... on level 4 of the Dungeon.
             The game lasted 00:03:16 (2484 turns).

inc the Conjurer (Octopode Wizard)                  Turns: 2484, Time: 00:03:17

Health: -1/34      AC:  1    Str:  6    XL:     5   Next: 3%
Magic:  9/9        EV: 13    Int: 21    God:
Gold:   77         SH:  0    Dex: 11    Spells: 9/10 levels left

rFire    . . .     SeeInvis .   p - +3 trident
rCold    . . .     Gourm    .   (no shield)
rNeg     . . .     Faith    .   a - +0 hat
rPois    .         Spirit   .   (no amulet)
rElec    .         Reflect  .   (no ring)
rCorr    .         Harm     .   (no ring)
MR       .....                  (no ring)
Stlth    +++.......             (no ring)
HPRegen  0.11/turn              (no ring)
MPRegen  0.11/turn              (no ring)
                                (no ring)
                                (no ring)

@: no status effects
A: almost no armour, stealthy swim, amphibious, 8 rings, constrict 8, camouflage
1, gelatinous body 1
a: no special abilities


You were on level 4 of the Dungeon.
You were not hungry.

You visited 1 branch of the dungeon, and saw 4 of its levels.

You collected 77 gold pieces.

Inventory:

Hand Weapons
 d - a +2 dagger of venom
 i - a +0 dagger of venom
 m - a +1 whip of venom
 p - a +3 trident (weapon)
Armour
 a - a +0 hat (worn)
Wands
 r - a wand of flame (32)
Scrolls
 f - 2 scrolls of magic mapping {unknown}
 h - a scroll of teleportation {unknown}
 j - a scroll of random uselessness {unknown}
 l - 2 scrolls of identify {unknown}
 o - a scroll of immolation {unknown}
Potions
 e - a potion of might {unknown}
 g - a potion of lignification {unknown}
 k - a potion of brilliance {unknown}
 n - a potion of berserk rage {unknown}
Books
 b - a book of Minor Magic

   Spells                             Type                      Level
   a - Magic Dart                     Conjuration                  1
   b - Blink                          Translocation                2
   c - Call Imp                       Summoning                    2
   d - Slow                           Hexes                        2
   e - Conjure Flame                  Conjuration/Fire             3
   f - Mephitic Cloud                 Conjuration/Poison/Air       3
Comestibles
 c - 2 rations
 q - a chunk of flesh


   Skills:
 + Level 1.8 Fighting
 - Level 2.0 Short Blades
 - Level 2.0 Dodging
 - Level 2.6 Stealth
 - Level 3.0 Spellcasting
 - Level 3.4 Conjurations
   Level 1.0 Summonings
   Level 1.0 Translocations


You had 9 spell levels left.
You knew the following spells:

 Your Spells              Type           Power        Failure   Level  Hunger
a - Magic Dart            Conj           ###.         3%          1    None


Dungeon Overview and Level Annotations

Branches:
Dungeon (4/15)
 Temple: D:4-7

Altars:
The Shining One

Annotations:
D:3 Sigmund; bmj180's ghost, amateur HOFi


Innate Abilities, Weirdness & Mutations

You cannot wear most types of armour.
You are very stealthy in the water. (Stealth+)
You are amphibious.
You can wear up to eight rings at the same time.
You can use your tentacles to constrict eight enemies at once.
Your skin changes colour to match your surroundings (Stealth+).
Your rubbery body absorbs attacks. (AC +1, EV +1)


Message History

You kill the worm!
Bmj180's ghost hits you!
* * * LOW HITPOINT WARNING * * *
You see here a bat corpse.
There is a stone staircase leading down here.
Bmj180's ghost misses you.
You climb downwards.
An iguana comes into view.
Found a stone staircase leading up.
There is a stone staircase leading up here.
Casting: Magic Dart
Confirm with . or Enter, or press ? or * to list all spells.
You don't know that spell.
You hit the iguana. You grab the iguana.
The iguana is lightly wounded.
You constrict the iguana. The iguana barely misses you.
You hit the iguana.
The iguana is moderately wounded.
You constrict the iguana. The iguana bites you!
You die...

#####
...#
###.#####
#....<..#
#.#.###<#
#.## #
#..# ##l#
#@#
#.......#
####.####
#.# #.#
..# ###


You could see an iguana.

Vanquished Creatures
  A hound (D:2)
  3 adders
  An ooze (D:2)
  3 worms
  A leopard gecko (D:2)
  3 giant cockroaches
  7 goblins
  7 hobgoblins
  2 jackals (D:3)
  4 kobolds
  A quokka (D:3)
  4 bats
  5 frilled lizards
  9 rats
51 creatures vanquished.

Notes
Turn   | Place    | Note
-------+----------+-------------------------------------------
     0 | D:1      | inc the Octopode Wizard began the quest for the Orb.
     0 | D:1      | Reached XP level 1. HP: 11/11 MP: 4/4
   376 | D:1      | Reached XP level 2. HP: 15/17 MP: 3/6
   809 | D:2      | Reached XP level 3. HP: 10/21 MP: 0/7
   973 | D:2      | Found a glowing golden altar of the Shining One.
  1119 | D:2      | Reached skill level 1 in Short Blades
  1141 | D:2      | Reached XP level 4. HP: 27/27 MP: 4/8
  2012 | D:3      | Reached skill level 1 in Fighting
  2022 | D:3      | HP: 1/28 [bat (1)]
  2368 | D:3      | Noticed Sigmund
  2458 | D:3      | Reached XP level 5. HP: 32/34 MP: 9/9
  2460 | D:3      | Noticed bmj180's ghost (amateur HOFi)
  2484 | D:4      | Slain by an iguana

Skill      XL: |  1  2  3  4 |
---------------+-------------+-----
Conjurations   | 2 3 |  3.4
Short Blades   | 1 2 |  2.0
Fighting       | 1 |  1.8
Dodging        | |  2.0
Stealth        | |  2.6
Spellcasting   | |  3.0
Summonings     | |  1.0
Translocations | |  1.0

Action                   |  1- 3 |  4- 6 || total
-------------------------+-------+-------++-------
Melee: Dagger            |    12 |    16 ||    28
       Constrict         |     4 |    11 ||    15
       Tentacles         |     2 |     6 ||     8
       Trident           |       |    41 ||    41
       Whip              |       |     2 ||     2
 Cast: Magic Dart        |    33 |    13 ||    46
 Stab: Sleeping          |     1 |     5 ||     6
  Eat: Chunk             |       |     5 ||     5
Armor: Skin              |       |     6 ||     6
Dodge: Dodged            |     7 |    37 ||    44
